Map: Terraform LE (Void)

Players

wabbajack

  • Race: Zerg Zerg
  • League: Gold

serolove - Winner!

  • Race: Terran Terran
  • League: Silver

VOD

Have the link to the VOD?

Description

Time

  • Played on: July 20, 2015, 8:19 a.m.
  • Length: 9:13
Show
View Real Time Build Order
Export as new Build Order

wabbajack Zerg 

Build Orders: Hatch First, Zergling Baneling 

Get SALT Encoding   

  12  0:01  Drone  
  13  0:15  Overlord  
  13  0:17  Drone  
  14  0:24  Drone, Extractor  
  15  0:35  Drone  
  16  0:39  Drone  
  17  0:55  Hatchery  
  16  1:06  Drone x2, Extractor x2  
  16  1:10  Drone  
  17  1:23  Spawning Pool  
  16  1:26  Drone  
  17  1:34  Drone  
  18  1:42  Drone  
  19  1:53  Overlord  
  19  2:10  Pneumatized Carapace  
  19  2:12  Queen  
  19  2:14  Metabolic Boost  
  21  2:20  Drone  
  22  2:23  Drone  
  23  2:32  Baneling Nest  
  22  2:38  Zergling x2  
  22  2:39  Zergling x2  
  22  2:43  Zergling x2  
  25  2:47  Zergling x2  
  26  3:01  Queen  
  28  3:19  Drone x5  
  33  3:29  Baneling x4  
  33  3:32  Baneling x3  
  33  3:33  Baneling  
  33  3:38  Overlord  
  33  3:46  Zergling x2  
  33  3:47  Zergling x4  
  36  4:00  Lair, Spine Crawler  
  35  4:09  Overlord  
  35  4:11  Drone x4  
  34  4:50  Zergling x4  
  34  4:52  Zergling x2  
  37  5:01  Roach Warren, Hydralisk Den  
  37  5:02  Drone x3  
  37  5:04  Drone x2  
  37  5:06  Drone x3  
  43  5:15  Baneling x4  
  43  5:24  Hatchery  
  42  5:29  Queen  
  42  5:32  Extractor  
  43  5:36  Drone x4  
  43  5:38  Overlord, Lurker Den  
  43  5:41  Drone x3  
  43  5:42  Drone  
  51  5:46  Overlord x2, Extractor  
  50  5:53  Evolution Chamber  
  49  6:32  Overlord x2  
  44  6:35  Zerg Missile Weapons Level 1  
  44  6:41  Drone x6  
  44  6:42  Overlord  
  44  6:43  Overlord  
  44  6:45  Glial Reconstitution  
  52  6:47  Hydralisk x3, Roach x2  
  52  6:48  Hydralisk  
  62  7:05  Muscular Augments  
  62  7:08  Drone  
  63  7:19  Lurker  
  63  7:20  Lurker  
  63  7:30  Roach x6  
  64  7:44  Queen  
  64  7:51  Hydralisk x4  
  66  8:06  Hydralisk x2  
  66  8:07  Hydralisk x2  
  74  8:16  Overseer  
  72  8:23  Extractor  
  72  8:26  Overlord x2  
  71  8:28  Zergling x8  
  71  8:29  Zergling x18  
  84  8:45  Drone x2  
Show
View Real Time Build Order
Export as new Build Order

serolove Terran - Winner!

Build Orders:  

Get SALT Encoding   

  12  0:01  SCV  
  13  0:13  SCV  
  14  0:18  Supply Depot  
  14  0:26  SCV  
  15  0:40  SCV  
  15  0:41  Barracks  
  16  0:52  SCV  
  17  1:07  SCV  
  18  1:20  Command Center  
  18  1:30  Orbital Command  
  18  1:34  Marine  
  19  1:40  Refinery  
  19  1:49  Supply Depot  
  19  2:11  Command Center  
  19  2:15  Bunker  
  19  2:16  Marine  
  19  2:20  SCV  
  21  2:27  Refinery  
  21  2:33  SCV  
  21  2:34  Orbital Command  
  22  2:40  Refinery  
  22  2:47  SCV  
  22  2:48  Marine  
  24  2:59  SCV  
  24  3:00  SCV  
  26  3:09  Supply Depot  
  26  3:11  SCV  
  27  3:13  SCV  
  27  3:16  Supply Depot  
  28  3:23  Factory  
  28  3:26  Barracks  
  28  3:28  Orbital Command  
  28  3:31  SCV  
  29  3:41  SCV, Barracks Reactor  
  30  3:46  SCV  
  31  3:53  SCV  
  32  3:57  SCV  
  32  4:02  SCV  
  34  4:04  Barracks x2  
  34  4:09  Bunker  
  34  4:18  Bunker  
  34  4:27  Barracks Reactor  
  34  4:29  Barracks  
  34  4:31  Hellion x2, Barracks Tech Lab  
  38  4:38  Supply Depot  
  34  4:40  SCV  
  34  4:41  SCV  
  34  4:43  SCV  
  32  4:51  Barracks Reactor  
  32  4:54  Barracks Reactor  
  32  4:57  Stimpack, Marine  
  32  4:59  Hellion x2  
  37  5:02  SCV x2  
  39  5:07  Marine x2  
  39  5:10  SCV  
  39  5:14  SCV  
  43  5:15  SCV, Marine  
  43  5:18  Barracks Reactor  
  43  5:21  Starport  
  45  5:22  Widow Mine  
  45  5:23  Widow Mine  
  45  5:25  Marine  
  50  5:30  Marine x2  
  50  5:33  Marine x2  
  50  5:34  Engineering Bay  
  54  5:36  SCV x2  
  54  5:38  Engineering Bay  
  54  5:42  Orbital Command  
  56  5:48  SCV, Marine  
  58  5:51  Marine x3, Widow Mine  
  58  5:57  SCV  
  64  6:00  SCV, Refinery, Marine x3  
  64  6:01  Supply Depot  
  64  6:02  Starport Reactor  
  68  6:05  Marine x2  
  68  6:06  Terran Infantry Weapons Level 1  
  68  6:08  Missile Turret  
  68  6:09  SCV x2  
  72  6:12  SCV  
  67  6:36  SCV x3  
  67  6:37  Terran Infantry Armor Level 1  
  67  6:39  Widow Mine  
  70  6:40  Marine x3  
  70  6:41  Marine x4  
  79  6:50  SCV x2  
  79  6:52  Marine x2  
  83  6:55  SCV  
  83  6:57  Missile Turret  
  83  6:58  Marine  
  85  7:02  SCV x2  
  85  7:05  Supply Depot  
  85  7:06  Supply Depot x2  
  85  7:07  SCV  
  85  7:08  Armory  
  88  7:11  Marine x4  
  88  7:12  Marine  
  93  7:27  SCV x2, Marine x2  
  89  7:45  Marine x3  
  89  7:46  Marauder, Medivac, Marine x3  
  89  7:47  Medivac  
  101  7:55  Marine x2  
  101  7:57  Supply Depot  
  103  8:00  SCV x3  
  103  8:01  Refinery  
  103  8:03  Marine  
  103  8:04  Refinery x2  
  107  8:07  Marauder  
  109  8:15  Marine x6  
  115  8:22  Supply Depot, Marine  
  115  8:23  Marine  
  115  8:25  SCV x3  
  120  8:29  Marauder  
  120  8:33  Supply Depot x2  
  122  8:37  SCV x3  
  125  8:43  Supply Depot, Medivac x2  
  125  8:44  Supply Depot  
  129  8:50  Marauder  
  129  8:51  Starport  
Tags
 
Add a new tag
Caveats
  • Supply blocks, unpowered buildings, or Contaminate may cause inaccurate times.
  • Supply counts are checked every 10 seconds.